 Dungeon Sprint DCSS version 0.29-a0-821-g66395355a5 (webtiles) character file.

Game seed: 9242165085783552807

9 mhtbhm the Trooper (level 2, -2/37 HPs)
             Began as a Demonspawn Berserker on July 8, 2022.
             Was a Believer of Trog.
             Slain by a water moccasin (9 damage)
             ... in the Dungeon (Sprint IX: "|||||||||||||||||||||||||||||").
             The game lasted 00:00:09 (133 turns).

mhtbhm the Trooper (Demonspawn Berserker)            Turns: 133, Time: 00:00:10

Health: -2/37      AC:  2    Str: 17    XL:     2   Next: 3%
Magic:  2/2        EV: 12    Int:  8    God:    Trog [**....]
Gold:   0          SH:  0    Dex: 12    Spells: 1/1 levels left

rFire   . . .      SeeInvis .   a - +0 mace
rCold   . . .      Faith    .   (no shield)
rNeg    . . .      Spirit   .   b - +0 animal skin
rPois   .          Reflect  .   (no helmet)
rElec   .          Harm     .   (no cloak)
rCorr   .          Rampage  .   (no gloves)
Will    .....      NoTele   +   (no boots)
Stlth   ..........              (no amulet)
HPRegen 0.12/turn               (no ring)
MPRegen 0.08/turn               (no ring)

@: berserking (expiring), very quick
A: demonic touch 1
a: Renounce Religion, Berserk, Trog's Hand


You were in the Dungeon.
You worshipped Trog.
Trog was pleased with you.
You visited 1 branch

Inventory:

Hand Weapons
 a - a +0 mace (weapon)
Armour
 b - a +0 animal skin (worn)
Scrolls
 h - a scroll of blinking
Potions
 c - a potion of curing
 d - a potion of heal wounds
 e - a potion of haste
 f - 2 potions of magic
 g - a potion of berserk rage


   Skills:
 + Level 3.9 Fighting
 + Level 3.6 Maces & Flails
 + Level 2.1 Armour
 + Level 2.1 Dodging


You had one spell level left.
You didn't know any spells.
Your spell library was empty.

Dungeon Overview and Level Annotations

Branches:
Dungeon (1/1)

Altars:


Innate Abilities, Weirdness & Mutations

Your touch may inflict minor irresistible damage on your foes.


Message History

You sock the worm!
The worm is severely wounded.
The worm bites you.
You sock the worm!
You kill the worm!
Trog accepts your kill.
You have reached level 2!
Your demonic ancestry asserts itself...
Your hands begin to faintly glow with unholy energy.
Unknown command.
Unknown command.
You sock the water moccasin!
The water moccasin is moderately wounded.
The water moccasin bites you.
You thump the water moccasin!
The water moccasin is severely wounded.
The water moccasin barely misses you. x2
You closely miss the water moccasin. Your touch misses the water moccasin.
The water moccasin is severely wounded.
The water moccasin bites you.
You miss the water moccasin.
The water moccasin is severely wounded.
The water moccasin barely misses you.
You closely miss the water moccasin.
The water moccasin is severely wounded.
The water moccasin bites you!
You closely miss the water moccasin.
The water moccasin is severely wounded.
The water moccasin bites you!
You miss the water moccasin.
The water moccasin is severely wounded.
The water moccasin bites you.
* * * LOW HITPOINT WARNING * * *
You sock the water moccasin! Your touch misses the water moccasin.
The water moccasin is almost dead.
The water moccasin misses you.
You closely miss the water moccasin.
The water moccasin is almost dead.
The water moccasin bites you!
You die...

▓+▓
▓.▓
▓.▓
▓S▓
▓{▓
▓S▓
▓S▓
▓@▓
▓.▓
▓.▓
▓.▓
▓†▓
▓'▓
▓.▓
▓.▓
▓.▓


You could see 3 water moccasins.

Vanquished Creatures
  A worm (D)
  2 hobgoblins (D)
  A quokka (D)
  2 frilled lizards (D)
6 creatures vanquished.

Notes
Turn   | Place    | Note
-------+----------+-------------------------------------------
     0 | D        | mhtbhm the Demonspawn Berserker began the quest for the
                  | Orb.
     0 | D        | Reached XP level 1. HP: 18/18 MP: 1/1
    12 | D        | Reached ** piety under Trog
   121 | D        | Noticed a water moccasin
   121 | D        | Noticed an orc wizard
   121 | D        | Noticed a water moccasin
   121 | D        | Noticed a water moccasin
   125 | D        | Gained mutation: Your touch may inflict minor irresistible
                  | damage on your foes. [demonic ancestry]
   125 | D        | Reached XP level 2. HP: 25/25 MP: 2/2
   133 | D        | Slain by a water moccasin

Illustrated notes

Levels and vault maps discovered:
D:        linesprint [early_d, line_temple, items_1, d_10, items_2, lair_1,
          lair_end, items_3, orc_1, orc_end, items_4, d_15, swamp_1, shoals_1,
          snake_1, spider_1, d_20, vaults_1, items_5, swamp_end, shoals_end,
          snake_end, spider_end, vaults_end, d_27, items_6, zot_1, zot_end,
          crypt_end, forest_end, elf_end, slime_end, tomb_end, abyss_end,
          pan_hell_end]

Skill      XL: |  1 |
---------------+----+-----
Maces & Flails | 3 |  3.6
Armour         | 2 |  2.1
Dodging        | 2 |  2.1
Fighting       | |  3.9

Action                   || total
-------------------------++-------
Melee: Mace              ||    24
Invok: Berserk           ||     1
Armor: Animal skin       ||     2
Dodge: Dodged            ||    10

Table legend: (Time is in decaauts)
 A = Elapsed time spent in this place.
 B = Non-inter-level travel time spent in this place.
 C = Inter-level travel time spent in this place.
 D = Time resting spent in this place.
 E = Time spent auto-exploring this place.
 F = Levels seen in this place.
 G = Mean time per level.
                   A        B        C        D        E       F      G
               +--------+--------+--------+--------+--------+-----+--------+
         Total |    134 |    134 |      0 |     98 |      3 |   1 |  134.0 |
       Dungeon |    134 |    134 |      0 |     98 |      3 |   1 |  134.0 |
               +--------+--------+--------+--------+--------+-----+--------+

Top non-repeatable levels by time:
       D: 134 daAuts
